 Dungeon Crawl Stone Soup version 0.26-a0-834-g69557b85cc (webtiles) character file.

Game seed: 17489090213314141487

79 robertstho the Bolt Thrower (level 4, -1/27 HPs)
             Began as a Kobold Hunter on Nov 16, 2020.
             Slain by a worker ant zombie (2 damage)
             ... on level 3 of the Dungeon.
             The game lasted 00:03:45 (2235 turns).

robertstho the Bolt Thrower (Kobold Hunter)         Turns: 2235, Time: 00:03:45

Health: -1/27      AC:  3    Str:  9    XL:     4   Next: 64%
Magic:  4/4        EV: 15    Int: 12    God:
Gold:   106        SH:  0    Dex: 16    Spells: 3/3 levels left

rFire    . . .     SeeInvis .   m - +0 falchion
rCold    . . .     Faith    .   (shield restricted)
rNeg     . . .     Spirit   .   c - +0 leather armour
rPois    .         Reflect  .   (no helmet)
rElec    .         Harm     .   (no cloak)
rCorr    .         Rampage  .   (no gloves)
MR       .....                  (no boots)
Stlth    +++.......             (no amulet)
HPRegen  0.09/turn              (no ring)
MPRegen  0.09/turn              (no ring)

@: no status effects
A: small, nightstalker 3
a: no special abilities


You were on level 3 of the Dungeon.
You visited 1 branch of the dungeon, and saw 3 of its levels.

You collected 106 gold pieces.

Inventory:

Hand Weapons
 a - a +1 hand crossbow
 b - a +0 short sword
 m - a +0 falchion (weapon)
 n - a +0 whip
Armour
 c - a +0 leather armour (worn)
Scrolls
 f - 3 scrolls of magic mapping
 g - a scroll of remove curse
 i - a scroll of teleportation
 j - a scroll of noise {unknown}
 l - a scroll of immolation {unknown}
 o - a scroll of identify {unknown}
Potions
 h - 2 potions of heal wounds {unknown}
 k - a potion of lignification {unknown}


   Skills:
 * Level 2.9 Fighting
 * Level 6.2 Crossbows
 + Level 0.8 Armour
 * Level 2.6 Dodging
 + Level 1.4 Stealth


You had 3 spell levels left.
You didn't know any spells.
Your spell library was empty.

Dungeon Overview and Level Annotations

Branches:
Dungeon (3/15)

Altars:
Trog


Innate Abilities, Weirdness & Mutations

You are small and have problems with some larger weapons.
You are completely attuned to the shadows.


Message History

You closely miss the jackal.
The jackal is almost dead.
The jackal misses you. x2
You hit the jackal.
You kill the jackal!
You hit the worker ant zombie.
The worker ant zombie is moderately damaged.
The worker ant zombie bites you but does no damage.
The worker ant zombie bites you.
* * * LOW HITPOINT WARNING * * *
You hit the worker ant zombie.
The worker ant zombie is heavily damaged.
The worker ant zombie barely misses you.
You riposte.
You completely miss the worker ant zombie.
The worker ant zombie is heavily damaged.
You hit the worker ant zombie.
The worker ant zombie is heavily damaged.
The worker ant zombie bites you.
You die...

,**,****..PP≈≈P♣≈≈≈,,**
*,**,,**
,*,,****...≈≈P≈P≈P≈*,,*
*,***,**
,*,,,,**.....P≈P≈.***,*
*,* *,,*
,≈≈≈,***####.#.P.###*,*
*,* **,* ≈,≈≈≈,*
#..##....*,****,* *,*
≈≈≈≈≈**
##...##*,*,*,,,,* *,*
,≈≈≈≈,*
###..#*,,,,,*,,****,,
≈≈≈≈≈**
##Z#**,,,,,,,,,**,*
,≈≈≈≈,*
#@#*****,,,**,,**,
≈≈≈≈,,*
#.....,,,,**,,,,*,
,≈≈≈≈,*
######*,,,*,_,,,**
,≈≈,≈** **,,**,,,,*
,≈,,,,* *,,,**,,**
,*,,,** **,,,,,**
,,,*** **,,*** ****
****


You could see a worker ant zombie.

Vanquished Creatures
  3 adders (D:2)
  4 dart slugs (D:3)
  A worm (D:2)
  A leopard gecko (D:2)
  A giant cockroach (D:2)
  3 goblins
  6 hobgoblins
  5 jackals
  A ball python (D:2)
  4 bats
  3 frilled lizards
  4 kobolds
  A leopard gecko skeleton (D:2)
  7 rats
44 creatures vanquished.

Vanquished Creatures (others)
  2 plants (D:3)
2 creatures vanquished.

Grand Total: 46 creatures vanquished

Notes
Turn   | Place    | Note
-------+----------+-------------------------------------------
     0 | D:1      | robertstho the Kobold Hunter began the quest for the Orb.
     0 | D:1      | Reached XP level 1. HP: 12/12 MP: 1/1
   258 | D:1      | Reached skill level 5 in Crossbows
   382 | D:1      | Reached XP level 2. HP: 17/17 MP: 2/2
  1175 | D:2      | Reached XP level 3. HP: 22/22 MP: 3/3
  1809 | D:2      | Reached XP level 4. HP: 27/27 MP: 4/4
  1822 | D:2      | Noticed a moth of wrath
  1825 | D:2      | Found a bloodstained altar of Trog.
  1895 | D:2      | Reached skill level 6 in Crossbows
  2052 | D:2      | You fall into a shaft and drop 1 floor!
  2233 | D:3      | HP: 1/27 [worker ant zombie (4)]
  2235 | D:3      | Slain by a worker ant zombie

Illustrated notes

Levels and vault maps discovered:
D:1:      dpeg_arrival_rhombi, layout_loops_ring, minmay_misc_feat_rows
D:2:      layout_loops_ring, tgw_trog, nicolae_overflow_hidden_temple,
          old_standard_altar, kennysheep_generic_room_4
D:3:      kennysheep_slugbush, layout_rooms,
          nicolae_dithmenos_through_a_glass_darkly, serial_bayou,
          serial_bayou_shore_a, serial_bayou_pond_e, serial_bayou_pond_c,
          serial_bayou_pond_b, serial_bayou_pond_c, serial_bayou_shore_b

Skill      XL: |  1  2  3  4 |
---------------+-------------+-----
Crossbows      | 5 6 |  6.2
Fighting       | |  2.9
Armour         | |  0.8
Dodging        | |  2.6
Stealth        | |  1.4

Action                   |  1- 3 |  4- 6 || total
-------------------------+-------+-------++-------
Melee: Short sword       |     3 |       ||     3
       Falchion          |       |    19 ||    19
       Whip              |       |    16 ||    16
 Fire: Hand crossbow     |    98 |    38 ||   136
  Use: Scroll            |       |     3 ||     3
Armor: Leather armour    |    15 |    28 ||    43
Dodge: Dodged            |    34 |    92 ||   126
       Rpst.: Falchion   |       |     8 ||     8

Table legend: (Time is in decaauts)
 A = Elapsed time spent in this place.
 B = Non-inter-level travel time spent in this place.
 C = Inter-level travel time spent in this place.
 D = Time resting spent in this place.
 E = Time spent auto-exploring this place.
 F = Levels seen in this place.
 G = Mean time per level.
                   A        B        C        D        E       F      G
               +--------+--------+--------+--------+--------+-----+--------+
         Total |   2276 |   2210 |     66 |    221 |   1509 |   3 |  758.7 |
       Dungeon |   2276 |   2210 |     66 |    221 |   1509 |   3 |  758.7 |
               +--------+--------+--------+--------+--------+-----+--------+

Top non-repeatable levels by time:
     D:1: 1083 daAuts
     D:2: 994 daAuts
     D:3: 198 daAuts
